 Dungeon Crawl Stone Soup version 0.29.1-4-g47bece8355 (webtiles) character file.

Game seed: 1397971892948482429

9 xian the Trooper (level 2, -2/24 HPs)
             Began as a Demonspawn Chaos Knight on Dec 10, 2022.
             Was a Plaything of Xom.
             Frozen to death by an endoplasm (4 damage)
             ... on level 1 of the Dungeon.
             The game lasted 00:00:31 (138 turns).

xian the Trooper (Demonspawn Chaos Knight)           Turns: 138, Time: 00:00:31

Health: -2/24      AC:  5    Str: 12    XL:     2   Next: 3%
Magic:  2/2        EV: 11    Int: 13    God:    Xom [..*...]
Gold:   18         SH:  0    Dex: 12    Spells: 1/1 levels left

rFire   . . .      SeeInvis .   a - +0 hand axe (chaos)
rCold   . . .      Faith    .   (no shield)
rNeg    . . .      Spirit   .   b - +2 leather armour
rPois   .          Reflect  .   (no helmet)
rElec   .          Harm     .   (no cloak)
rCorr   .          Rampage  .   (no gloves)
Will    .....                   (no boots)
Stlth   +.........              (no amulet)
HPRegen 0.08/turn               (no ring)
MPRegen 0.08/turn               (no ring)

@: no status effects
A: powered by pain 1
a: Renounce Religion


You were on level 1 of the Dungeon.
You worshipped Xom.
You were a toy of Xom.
You visited 1 branch of the dungeon, and saw 1 of its levels.

You collected 18 gold pieces.

Inventory:

Hand Weapons
 a - a +0 hand axe of chaos (weapon)
Armour
 b - a +2 leather armour (worn)
Miscellaneous
 c - a piece from Xom's chessboard (15/15) (quivered)


   Skills:
 + Level 3.1 Fighting
 + Level 3.0 Axes
 + Level 2.0 Armour
 + Level 0.8 Dodging


You had one spell level left.
You didn't know any spells.
Your spell library was empty.

Dungeon Overview and Level Annotations

Branches:
Dungeon (1/15)

Altars:


Innate Abilities, Weirdness & Mutations

You sometimes gain a little power by taking damage.


Message History

You barely miss the hobgoblin.
The hobgoblin is heavily wounded.
The hobgoblin barely misses you. x2; The goblin completely misses you.
Unknown command.
You closely miss the goblin. You hit the hobgoblin.
The goblin hits you but does no damage. The hobgoblin hits you.
* * * LOW HITPOINT WARNING * * *
Unknown command.
You closely miss the goblin. You hit the hobgoblin.
You kill the hobgoblin!
The goblin hits you with a +0 dagger.
* * * LOW HITPOINT WARNING * * *
Your Axes skill increases to level 3!
Unknown command.
You hit the goblin. You freeze the goblin.
You kill the goblin!
Unknown command.
You hit the ball python.
You kill the ball python!
The giant cockroach closely misses you.
Unknown command.
You closely miss the giant cockroach.
The giant cockroach bites you but does no damage.
Unknown command.
You hit the giant cockroach.
You kill the giant cockroach!
Your Armour skill increases to level 2!
You have reached level 2!
Your demonic ancestry asserts itself...
You feel energised by your suffering. The endoplasm hits you.
* * * LOW HITPOINT WARNING * * *
Things that are here:
a +0 dagger; a scroll labelled ZAD RERATWA; a goblin corpse You hit the endoplasm but do no damage.
The endoplasm suddenly seems more agile.
The endoplasm freezes you.
You are frozen.
You die... "This toy is broken."

.....# .. #.....
... .#.#... ###..
....... #$#..
....... ...##
.......... ....#
..........##J..#
#..........@# .#
........†####...#
.....##.........
.#.#####.####...
#.............#
##......#######
#.#.......###
#.#.........#
#.#.......#...


You could see an endoplasm (agile).

Vanquished Creatures
  2 giant cockroaches (D:1)
  A goblin (D:1)
  2 hobgoblins (D:1)
  A ball python (D:1)
  2 rats (D:1)
8 creatures vanquished.

Notes
Turn   | Place    | Note
-------+----------+-------------------------------------------
     0 | D:1      | xian the Demonspawn Chaos Knight began the quest for the
                  | Orb.
     0 | D:1      | Reached XP level 1. HP: 18/18 MP: 1/1
    12 | D:1      | XOM: silly message
   137 | D:1      | Gained mutation: You sometimes gain a little power by
                  | taking damage. [demonic ancestry]
   137 | D:1      | Reached XP level 2. HP: 3/24 MP: 2/2
   138 | D:1      | Frozen to death by an endoplasm

Illustrated notes

Levels and vault maps discovered:
D:1:      evilmike_arrival_grusome_pit, layout_loops_cross,
          minmay_misc_feat_hallway, minmay_hexomino_f4

Skill      XL: |  1 |
---------------+----+-----
Axes           | 3 |  3.0
Armour         | 2 |  2.0
Fighting       | |  3.1
Dodging        | |  0.8

Action                   || total
-------------------------++-------
Melee: Hand axe          ||    25
Armor: Leather armour    ||     9
Dodge: Dodged            ||    13
